Arrhythmia, chaotic female vampiric Convict ---- ---- ---- --..| |..--- ---..-- ------- -- |...---....---- --- ---.....| --.--..|---- --. |...........|.-- |.-----.......| |......--..| |...---......---.|...| |...|........- |..........--- |...|...|.---- --|..-| |............-- ------*...........| -....----- |...| --............---..|..............-- |.....| |...| --................................| ---...| --).--- ------ |...---..........................-- |...| |....| --....| |-..| |..........)....<...........-- --..| |.--.---..|..|--...-----............---.....>.....-- ... |.f| |.||.....-|.--|.......--........%...---..............- |.@| |.|---..-||.| |..............---.%%..|..............-- |..| |%| |...||.| ----.--........| ---..^...............| |..- |.| --(.||.| --------.|.-- |...............|.-- |.. |.| ----|.| ----- ---.......---.----- -... |.-- |.--- |...*...| -- ... |..| |.%.----------------------......-- .... |..| --...)..).)%.................---- ..--- ---- |..-------------------------- ---- ---- Arrhythmia the Jail-bird Experience level: 6 Strength: 16 Dexterity: 15 Constitution: 20 Intelligence: 10 Wisdom: 8 Charisma: 8 Health: 0(54) Energy: 38(38) AC: 4 Gold: 213 Moves: 1841 Your Inventory: Coins $ - 213 gold pieces Armor b - a cursed +0 striped shirt (being worn) g - an [uncursed +0] pair of hiking boots [speed] i - an [uncursed] +0 hard hat [dwarvish iron helm] (being worn) j - an [uncursed +0] large round shield [dwarvish roundshield] k - an [uncursed] +0 pair of hard shoes [iron] (being worn) o - an [uncursed] +2 hooded cloak [dwarvish] (being worn) Scrolls f - an [uncursed] scroll labeled SODALG [of light] m - an [uncursed] scroll labeled GHOTI [of flood] Potions n - an [uncursed] dark potion [of gain energy] Tools l - an [uncursed tallow] candle q - an [uncursed] towel Iron balls c - an [uncursed] heavy iron ball (chained to you) Spells known in the end: Name Level Category Fail Memory Your skills at the end: Fighting Skills Weapon Skills sling [Basic / Skilled] Spellcasting Skills Final Attributes: You were devoutly aligned. Hunger level was -66. Your alignment was 18 / 19. Monster difficulty range was 0 - 5. Level difficulty was 4. You were immune to level-drain. You were immune to sickness. You were punished. You could fly. You could survive without air. You regenerated. You were unlucky (-1). Tymora was angry with you (1). You are dead. Vanquished creatures: an orc shaman 2 gnome lords 3 dwarves an acid blob a coyote a gas spore 3 giant rats 2 yellow molds 12 gnomes a gecko 3 goblins 5 grid bugs a lichen 2 kobold zombies 5 newts 43 creatures vanquished. Voluntary challenges: You went without food. You were illiterate. You never hit with a wielded weapon. You put on armor 4 times. You never genocided any monsters. You never polymorphed an object. You never changed form. You used no wishes. You abstained from Elbereth's help. You never encountered a bones level. You never used any Sokoban shortcuts. Dungeon overview: The Dungeons of Doom: levels 1 to 3 Level 1 some altars, a fountain, a sink a long staircase Level 2 a potion shop, a fountain Level 3 stairs to The Gnomish Mines The Gnomish Mines: Level 4 <- You were here stairs to The Dungeons of Doom History has recorded: On T:1 you entered the Dungeons of Doom to retrieve the Amulet of Yendor! On T:333 you reached level 2 of The Dungeons of Doom. On T:715 you advanced to experience level 2. On T:783 you advanced to experience level 3. On T:1083 you advanced to experience level 4. On T:1087 you reached level 3 of The Dungeons of Doom. On T:1458 you reached level 1 of The Gnomish Mines. On T:1476 you advanced to experience level 5. On T:1653 you advanced to experience level 6. Latest messages: The kitten bites! [HP-2=24] The kitten just misses! The kitten bites! [HP-4=20] The kitten bites! [HP-4=16] The kitten bites! (2x) You regain consciousness. [HP-11=5] [15 turns] [HP+1=6] The kitten just misses! [HP+1=7] [HP+1=8] You faint from lack of food. The kitten bites! The kitten just misses! [HP-2=6] The kitten bites! [HP-2=4] The kitten bites! You die... Final status: Goodbye Arrhythmia the Convict... You died in The Gnomish Mines on dungeon level 4 with 1318 points, and 213 pieces of gold, after 1841 moves. You were level 6 with a maximum of 54 hit points when you died.